 Dungeon Crawl Stone Soup version 0.31-a0-691-g409c26aa35 (webtiles) character file.

Game seed: 1717925398680854243

1180 iamoutofideas the Cleaver (level 8, -12/62 HPs)
             Began as a Hill Orc Gladiator on Sept 7, 2023.
             Mangled by an ogre
             ... wielding a +0 giant club
              (26 damage)
             ... on level 6 of the Dungeon.
             The game lasted 00:06:06 (5450 turns).

iamoutofideas the Cleaver (Hill Orc Gladiator)      Turns: 5450, Time: 00:06:06

Health: -12/62     AC:  6    Str: 19    XL:     8   Next: 42%
Magic:  8/8        EV: 12    Int:  8    God:
Gold:   254        SH:  0    Dex: 12    Spells: 7/7 levels left

rFire   . . .        a - +0 war axe
rCold   . . .        (no shield)
rNeg    . . .        b - +0 leather armour
rPois   .            c - +0 helmet
rElec   .            r - +0 cloak
rCorr   .            l - +0 pair of gloves
SInv    .            (no boots)
Will    .....        (no amulet)
Stlth   +            (no ring)
HPRegen 0.30/turn    (no ring)
MPRegen 0.11/turn

%: no passive effects
@: no status effects
A: no striking features
a: no special abilities


You were on level 6 of the Dungeon.
You visited 1 branch of the dungeon, and saw 6 of its levels.
You also visited: Sewer.

You collected 254 gold pieces.

Inventory:

Hand Weapons
 a - a +0 war axe (weapon)
 h - a +0 hand axe
 u - a +0 broad axe
Missiles
 d - 6 throwing nets (quivered)
 e - a javelin
Armour
 b - a +0 leather armour (worn)
 c - a +0 helmet (worn)
 l - a +0 pair of gloves (worn)
 r - a +0 cloak (worn)
Scrolls
 k - a scroll of summoning {unknown}
 m - a scroll of teleportation
 t - 2 scrolls of blinking
 v - a scroll of immolation
 w - 2 scrolls of enchant armour
Potions
 f - a potion of lignification
 g - 2 potions of brilliance
 i - 3 potions of heal wounds
 j - a potion of attraction {unknown}
 o - 2 potions of enlightenment
 p - 5 potions of haste
 q - 2 potions of curing
 s - a potion of mutation {unknown}
 x - 2 potions of invisibility {unknown}


   Skills:
 - Level 2.8 Fighting
 + Level 12.9 Axes
 - Level 2.1 Throwing
 - Level 2.5 Dodging


You had 7 spell levels left.
You didn't know any spells.
Your spell library was empty.

Dungeon Overview and Level Annotations

Branches:
Dungeon (6/15)              Sewer (visited)
 Temple: D:4-7

Altars:
Cheibriados
Elyvilon
Kikubaaqudgha
Okawaru
Uskayaw
Vehumet
Xom
Yredelemnul

Annotations:
D:4 3 runed translucent doors, Dynojp's ghost, weakling DgWn
D:6 3 runed translucent doors, bahustanut's ghost, novice OgBe


Message History

x - 2 metallic blue potions (gained 1)
Found a stone staircase leading up.
No target in view!
Found a runed translucent gate.
No target in view!
The shadow imp shouts, "Fly, thou fulsome half-faced canker-blossom!"
You hear an angry hiss.
The orc shouts!
Bahustanut's ghost turns its malevolent gaze towards you.
Found a stone staircase leading down.
The shadow imp laughs crazily.
No reachable target in view!
Bahustanut's ghost yells, "Who would have thought, even in death it is a pleasure to sever!"
An ogre comes into view. It is wielding a +0 giant club.
Found 15 gold pieces.
The ogre shouts!
The ogre moves out of view.
No reachable target in view!
An ogre is nearby!
The ogre hits you with a +0 giant club!
You hit the ogre.
The ogre is lightly wounded.
You slash the ogre!
The ogre is severely wounded.
The ogre hits you with a +0 giant club!
You hit the ogre.
The ogre is severely wounded.
You are too injured to fight recklessly!
You hit the ogre.
The ogre is severely wounded.
The ogre hits you with a +0 giant club!
* * * LOW HITPOINT WARNING * * *
You are too injured to fight recklessly!
You hit the ogre.
The ogre is severely wounded.
You are too injured to fight recklessly!
You barely miss the ogre.
The ogre is severely wounded.
The ogre hits you with a +0 giant club!!
You die...

##..............##.#.
...####..................
.........###+++###..##.##
#######..#.......#..##.#
.... #..#o......#..##.#
#....##..#S##.##.#..##.#
$........#W##.##.#...#.#
#...###..#5##.##.#.....#
.. #.@#..!$...#..####
#.O#.......#...
#..####### #... .... ....
... ###... ## ...# #.##


You could see an ogre, bahustanut's ghost, an adder, a shadow imp and an orc.

Vanquished Creatures
  Grinder (D:5)
  An ice beast (D:5)
  2 centaurs (D:5)
  2 kobold brigands (Sewer)
  A scorpion (D:5)
  An orc priest (D:5)
  2 hounds (D:5)
  Crazy Yiuf (D:2)
  A sleepcap (D:5)
  3 iguanas
  A scorpion zombie (D:4)
  An orc wizard (D:4)
  A hound zombie (D:4)
  4 gnolls (D:4)
  10 adders
  A white imp (D:5)
  An adder zombie (D:4)
  2 worms (D:4)
  5 dart slugs
  14 orcs
  6 ball pythons
  7 bats
  6 endoplasms
  2 giant cockroaches
  2 goblins
  4 hobgoblins
  5 jackals
  4 quokkas
  7 frilled lizards
  13 kobolds
  A quokka zombie (D:4)
  7 rats
119 creatures vanquished.

Notes
Turn   | Place    | Note
-------+----------+-------------------------------------------
     0 | D:1      | iamoutofideas the Hill Orc Gladiator began the quest for
                  | the Orb.
     0 | D:1      | Reached XP level 1. HP: 18/18 MP: 1/1
   202 | D:1      | Reached XP level 2. HP: 12/25 MP: 2/2
   662 | D:2      | Reached XP level 3. HP: 30/30 MP: 3/3
   677 | D:2      | Reached skill level 5 in Axes
   983 | D:2      | Noticed a great orb of eyes
   985 | D:2      | Found a faded altar of an unknown god.
   987 | D:2      | Noticed a floating eye
   993 | D:2      | Noticed a floating eye
  1001 | D:2      | Noticed a shining eye
  1016 | D:2      | Reached XP level 4. HP: 37/37 MP: 4/4
  1229 | D:2      | Reached skill level 6 in Axes
  1377 | D:2      | Found a runed translucent door.
  1378 | D:2      | Noticed Crazy Yiuf
  1631 | D:2      | Killed Crazy Yiuf
  1814 | D:3      | Reached XP level 5. HP: 44/44 MP: 5/5
  1953 | D:3      | Reached skill level 7 in Axes
  1988 | D:3      | Found a shimmering altar of Xom.
  2866 | D:4      | Found a glowing drain.
  2888 | Sewer    | Entered a sewer
  2967 | Sewer    | Reached skill level 8 in Axes
  3105 | Sewer    | Noticed a kobold brigand
  3112 | Sewer    | Killed a kobold brigand
  3113 | Sewer    | Reached XP level 6. HP: 33/50 MP: 6/6
  3229 | Sewer    | Reached skill level 9 in Axes
  3512 | D:4      | Found a basalt altar of Yredelemnul.
  3598 | D:4      | Found a runed translucent gate.
  3598 | D:4      | Found a runed translucent gate.
  3598 | D:4      | Found a runed translucent gate.
  3599 | D:4      | Noticed Dynojp's ghost (weakling DgWn)
  3603 | D:4      | Reached XP level 7. HP: 52/56 MP: 7/7
  3927 | D:5      | Entered Level 5 of the Dungeon
  3947 | D:5      | Noticed Grinder
  3957 | D:5      | Paralysed by Grinder for 3 turns
  3973 | D:5      | Killed Grinder
  3974 | D:5      | Reached skill level 10 in Axes
  4279 | D:5      | Reached skill level 11 in Axes
  4308 | D:5      | Found an iron altar of Okawaru.
  4359 | D:5      | Found a white marble altar of Elyvilon.
  4360 | D:5      | Found a snail-covered altar of Cheibriados.
  4360 | D:5      | Found a radiant altar of Vehumet.
  4376 | D:5      | Reached XP level 8. HP: 47/62 MP: 8/8
  4423 | D:5      | Found a hide-covered altar of Uskayaw.
  4423 | D:5      | Found an ancient bone altar of Kikubaaqudgha.
  4551 | D:5      | Reached skill level 12 in Axes
  5357 | D:5      | You fall into a shaft and drop 1 floor!
  5415 | D:6      | Found a runed translucent gate.
  5416 | D:6      | Found a runed translucent gate.
  5417 | D:6      | Found a runed translucent gate.
  5420 | D:6      | Noticed bahustanut's ghost (novice OgBe)
  5450 | D:6      | Mangled by an ogre

Illustrated notes

Levels and vault maps discovered:
D:1:      dpeg_arrival_short_road, layout_loops_cross
D:2:      layout_basic, serial_glass, glass_columns_a, glass_columns_c,
          glass_columns_b, glass_columns_a, glass_columns_b, glass_columns_a,
          hellmonk_ecumenical_altar_watching_god, uniq_crazy_yiuf_cottage
D:3:      layout_loops_corners, mainiacjoe_overflow_surrounded_room,
          hangedman_feature_mirror, minmay_parallelograms
D:4:      layout_cave_pools, nicolae_yredelemnul_corpse_copse,
          cheibrodos_sewer_entry_bend, gammafunk_ghost_nasty_kobolds,
          serial_column_ruins, column_ruins_square_small,
          column_ruins_corridor_plus, column_ruins_grid_1,
          column_ruins_corridor_straight, column_ruins_open_small
D:5:      layout_layer_cave, grunt_temple_overflow_open, uniq_grinder
D:6:      layout_basic, temple_green, gammafunk_ghost_split, dk_noncrumbling_3,
          centaur_isle

Skill      XL: |  1  2  3  4  5  6  7  8 |
---------------+-------------------------+-----
Throwing       | 2 |  2.1
Axes           | 5 6 8 9 11 12 | 12.9
Fighting       | |  2.8
Dodging        | |  2.5

Action                     |  1- 3 |  4- 6 |  7- 9 || total
---------------------------+-------+-------+-------++-------
  Melee: War axe           |    79 |   162 |   138 ||   379
         Punch             |       |     3 |       ||     3
    Use: Scroll            |       |     7 |     6 ||    13
         Potion            |       |     1 |     1 ||     2
   Stab: Sleeping          |     1 |     2 |       ||     3
 Armour: Leather armour    |    37 |   102 |    94 ||   233
  Dodge: Dodged            |    79 |   102 |    75 ||   256

Table legend: (Time is in decaauts)
 A = Elapsed time spent in this place.
 B = Non-inter-level travel time spent in this place.
 C = Inter-level travel time spent in this place.
 D = Time resting spent in this place.
 E = Time spent auto-exploring this place.
 F = Levels seen in this place.
 G = Mean time per level.
                   A        B        C        D        E       F      G
               +--------+--------+--------+--------+--------+-----+--------+
         Total |   5503 |   5354 |    149 |    559 |   3869 |   7 |  786.1 |
       Dungeon |   4995 |   4846 |    149 |    457 |   3599 |   6 |  832.5 |
         Sewer |    507 |    507 |      0 |    102 |    270 |   1 |  507.0 |
               +--------+--------+--------+--------+--------+-----+--------+

Top non-repeatable levels by time:
     D:5: 1419 daAuts
     D:2: 1084 daAuts
     D:3: 994 daAuts
     D:4: 780 daAuts
     D:1: 624 daAuts
   Sewer: 507 daAuts
     D:6: 92 daAuts
